 Dungeon Crawl Stone Soup version 0.28-a0-1505-g8c907de6ad (webtiles) character file.

Game seed: 9563861246923217412

620 vineage the Fighter (level 7, -1/72 HPs)
             Began as a Minotaur Fighter on Jan 13, 2022.
             Was a Follower of Okawaru.
             Slain by a sky beast (6 damage)
             ... on level 5 of the Dungeon.
             The game lasted 00:03:51 (3732 turns).

vineage the Fighter (Minotaur Fighter)              Turns: 3732, Time: 00:03:52

Health: -1/72      AC:  6    Str: 22    XL:     7   Next: 22%
Magic:  6/6        EV:  9    Int:  7    God:    Okawaru [*.....]
Gold:   101        SH:  8    Dex: 12    Spells: 6/6 levels left

rFire   . . .      SeeInvis .   a - +0 war axe
rCold   . . .      Faith    .   c - +0 buckler
rNeg    . . .      Spirit   .   b - +0 scale mail
rPois   .          Reflect  .   (helmet restricted)
rElec   .          Harm     .   (no cloak)
rCorr   .          Rampage  .   (no gloves)
Will    .....                   (no boots)
Stlth   ..........              (no amulet)
HPRegen 0.22/turn               (no ring)
MPRegen 0.10/turn               (no ring)

@: mighty, unable to read
A: horns 2, retaliatory headbutt, large bone plates 1, clever 1, strong 1,
inability to read while threatened
a: Renounce Religion, Heroism


You were on level 5 of the Dungeon.
You worshipped Okawaru.
Okawaru was aware of your devotion.
You visited 1 branch of the dungeon, and saw 5 of its levels.

You collected 101 gold pieces.

Inventory:

Hand Weapons
 a - a +0 war axe (weapon)
Armour
 b - a +0 scale mail (worn)
 c - a +0 buckler (worn)
Jewellery
 g - a +4 ring of protection
 j - an amulet of guardian spirit
 l - a +4 ring of protection
 r - a ring of willpower
Wands
 o - a wand of iceblast (10)
Scrolls
 f - a scroll of teleportation
 i - 4 scrolls of identify
 n - a scroll of fear {unknown}
 p - a scroll of magic mapping
 q - a scroll of torment {unknown}
 s - a scroll of fog {unknown}
Potions
 d - 3 potions of might
 e - a potion of cancellation {unknown}
 h - a potion of lignification
 k - a potion of brilliance
 m - 2 potions of haste {unknown}
 t - a potion of degeneration {unknown}
 u - a potion of flight {unknown}


   Skills:
 + Level 10.1 Fighting
 - Level 2.4 Axes
 - Level 3.6 Armour
 - Level 3.6 Shields


You had 6 spell levels left.
You didn't know any spells.
Your spell library contained the following spells:

 Spells                   Type           Power      Damage    Failure   Level
 Magic Dart               Conj           0%         1d3       85%         1
 Slow                     Hex            0%         N/A       85%         1
 Corpse Rot               Necr/Air       0%         N/A       94%         2
 Poisonous Vapours        Pois/Air       0%         N/A       94%         2
 Confusing Touch          Hex            0%         N/A       99%         3
 Gell's Gravitas          Tloc           0%         N/A       99%         3
 Lesser Beckoning         Tloc           0%         N/A       99%         3
 Mephitic Cloud           Conj/Pois/Air  0%         N/A       99%         3
 Teleport Other           Tloc           0%         N/A       99%         3
 Vampiric Draining        Necr           0%         2d6       99%         3
 Call Imp                 Summ           Unusable   N/A       N/A         2

Dungeon Overview and Level Annotations

Branches:
Dungeon (5/15)             Temple (0/1) D:4

Altars:
Cheibriados
Gozag
Okawaru

Shops:
D:2 !   D:4 *


Innate Abilities, Weirdness & Mutations

You have a pair of horns on your head.
You reflexively headbutt those who attack you in melee.
You are partially covered in large bone plates. (SH +4)
Your mind is acute. (Int +2)
Your muscles are strong. (Str +2)
You sometimes lose the ability to read scrolls when taking damage.


Message History

The phantom completely misses you. The sky beast hits you.
The sky beast shocks you.
You hit the sky beast but do no damage.
You headbutt the sky beast, but do no damage.
You hit the phantom but do no damage.
You can read scrolls again.
The phantom hits you.
The phantom blinks!
You blink.
A centaur zombie comes into view.
Found 16 stones and 18 arrows.
Found a stone staircase leading up.
You slash the phantom! Your headbutt misses the phantom.
The phantom is almost destroyed.
The phantom hits you.
The phantom blinks!
You blink.
The phantom hits you.
You feel threatened and lose the ability to read scrolls!
* * * LOW HITPOINT WARNING * * *
The phantom blinks!
You blink.
You hit the phantom but do no damage.
The phantom is almost destroyed.
The phantom hits you but does no damage.
You barely miss the phantom. You headbutt the phantom.
You destroy the phantom!
Okawaru accepts your kill.
Your Fighting skill increases to level 10!
You slash the sky beast!
The sky beast is heavily wounded.
You block the sky beast's attack. The sky beast hits you.
* * * LOW HITPOINT WARNING * * *
The sky beast shocks you.
* * * LOW HITPOINT WARNING * * *
You can read scrolls again.
The sky beast hits you.
* * * LOW HITPOINT WARNING * * *
The sky beast shocks you.
You feel threatened and lose the ability to read scrolls!
* * * LOW HITPOINT WARNING * * *
You feel very mighty all of a sudden. You block the centaur zombie's attack.
The centaur zombie barely misses you. The sky beast hits you.
* * * LOW HITPOINT WARNING * * *
The sky beast shocks you.
You die...

# .#.... ... .#..#
...######.#..###
.......ยง........
#...#.#.###.#####.#
#.......<..........
#.......#.........#
#.####.......####.#
#..@Y#.#.....
.####.#Z......###
...............?
.................
..............#.#
...........#..#
...........#..#
..............#
......(...#...#


You could see a sky beast and a centaur zombie.

Vanquished Creatures
  2 ogres (D:4)
  A phantom (D:5)
  2 scorpions (D:4)
  A howler monkey (D:4)
  A jelly (D:4)
  An iguana (D:4)
  A hound skeleton (D:4)
  6 adders
  An ufetubus (D:4)
  3 worms
  4 dart slugs
  4 orcs (D:3)
  2 bats (D:1)
  7 endoplasms
  5 giant cockroaches
  10 goblins
  9 hobgoblins
  3 jackals (D:1)
  2 quokkas
  5 ball pythons
  4 frilled lizards
  5 kobolds
  6 rats
85 creatures vanquished.

Notes
Turn   | Place    | Note
-------+----------+-------------------------------------------
     0 | D:1      | vineage the Minotaur Fighter began the quest for the Orb.
     0 | D:1      | Reached XP level 1. HP: 19/19 MP: 0/0
   165 | D:1      | Reached skill level 4 in Fighting
   315 | D:1      | Reached XP level 2. HP: 28/28 MP: 1/1
   674 | D:1      | Reached skill level 5 in Fighting
   791 | D:1      | Reached XP level 3. HP: 36/36 MP: 2/2
  1549 | D:2      | Found Xiotis's Distillery.
  1931 | D:3      | Reached skill level 6 in Fighting
  1931 | D:3      | Reached XP level 4. HP: 29/44 MP: 3/3
  2084 | D:3      | Found a snail-covered altar of Cheibriados.
  2264 | D:3      | Found an iron altar of Okawaru.
  2282 | D:3      | Became a worshipper of Warmaster Okawaru
  2705 | D:3      | Gained mutation: You sometimes lose the ability to read
                  | scrolls when taking damage. [potion of mutation]
  2705 | D:3      | Gained mutation: You are partially covered in large bone
                  | plates. (SH +4) [potion of mutation]
  2705 | D:3      | Gained mutation: Your muscles are strong. (Str +2) [potion
                  | of mutation]
  2705 | D:3      | Gained mutation: Your mind is acute. (Int +2) [potion of
                  | mutation]
  2740 | D:4      | Reached skill level 7 in Fighting
  2740 | D:4      | Reached XP level 5. HP: 52/52 MP: 4/4
  2781 | D:4      | Found a staircase to the Ecumenical Temple.
  2803 | D:4      | Noticed an ogre
  2809 | D:4      | Killed an ogre
  2810 | D:4      | Reached skill level 8 in Fighting
  2933 | D:4      | Found an opulent altar of Gozag.
  2933 | D:4      | Found Gozag's Platinum Reserve.
  2936 | D:4      | Reached XP level 6. HP: 57/61 MP: 5/5
  3205 | D:4      | Reached * piety under Okawaru
  3206 | D:4      | Reached skill level 9 in Fighting
  3436 | D:4      | Reached XP level 7. HP: 47/71 MP: 6/6
  3720 | D:5      | Entered Level 5 of the Dungeon
  3730 | D:5      | Reached skill level 10 in Fighting
  3732 | D:5      | Slain by a sky beast

Illustrated notes

Levels and vault maps discovered:
D:1:      eino_arrival_water_star, layout_loops_ring
D:2:      layout_loops_corners, shapermc_ecumenical_altar_petra, serial_shops,
          nicolae_shop_hallway_stairs
D:3:      layout_rooms, kennysheep_okawaru_gauntlet,
          mainiacjoe_overflow_small_starburst, nicolae_overflow_hidden_temple,
          hangedman_feature_mirror, hangedman_decor_opposing,
          minmay_misc_feat_rows
D:4:      minmay_razor_zed, layout_rooms, nicolae_gozag_zags_fifth_avenue,
          temple_doors_e, roderic_malta_cross
D:5:      layout_basic

Skill      XL: |  1  2  3  4  5  6  7 |
---------------+----------------------+-----
Fighting       | 4 5 6 7 8 9 10 | 10.1
Axes           | |  2.4
Armour         | |  3.6
Shields        | |  3.6

Action                   |  1- 3 |  4- 6 |  7- 9 || total
-------------------------+-------+-------+-------++-------
Melee: War axe           |    93 |    89 |    11 ||   193
       Headbutt          |    10 |    17 |     3 ||    30
  Use: Scroll            |       |     8 |       ||     8
       Potion            |       |     1 |     1 ||     2
Armor: Scale mail        |    27 |    36 |     1 ||    64
Dodge: Dodged            |    44 |    39 |     3 ||    86
Block: Buckler           |    19 |    42 |     4 ||    65

Table legend: (Time is in decaauts)
 A = Elapsed time spent in this place.
 B = Non-inter-level travel time spent in this place.
 C = Inter-level travel time spent in this place.
 D = Time resting spent in this place.
 E = Time spent auto-exploring this place.
 F = Levels seen in this place.
 G = Mean time per level.
                   A        B        C        D        E       F      G
               +--------+--------+--------+--------+--------+-----+--------+
         Total |   3812 |   3711 |    101 |      0 |   3140 |   5 |  762.4 |
       Dungeon |   3812 |   3711 |    101 |      0 |   3140 |   5 |  762.4 |
               +--------+--------+--------+--------+--------+-----+--------+

Top non-repeatable levels by time:
     D:4: 1018 daAuts
     D:2: 966 daAuts
     D:1: 908 daAuts
     D:3: 904 daAuts
     D:5: 15 daAuts
